 Dungeon Crawl Stone Soup version 0.16-b1 (console) character file.

414 mauris the Stinger (level 6, -4/32 HPs)
             Began as a Vine Stalker Venom Mage on Mar 13, 2015.
             Slain by a worker ant (7 damage)
             ... on level 6 of the Dungeon.
             The game lasted 00:06:02 (3237 turns).

mauris the Stinger (Vine Stalker Venom Mage)        Turns: 3237, Time: 00:06:02

Health: -4/32      AC:  2    Str: 13    XL:     6   Next: 91%
Magic:  0/12       EV: 13    Int: 15    God:
Gold:   172        SH:  0    Dex: 14    Spells: 1 memorised, 8 levels left

rFire  . . .     SeeInvis .     a - +0 short sword
rCold  + . .     Clarity  .     i - +0 robe {2}
rNeg   . . .     SustAb   .     (no shield)
rPois  .         Gourm    .     (no helmet)
rElec  .         Spirit   +     (no cloak)
rCorr  .         Warding  .     (no gloves)
rMut   .         Stasis   .     (no boots)
MR     .....                    (no amulet)
Stlth  ++........               (no ring)
                                v - ring of protection from cold

@: not resistant to hostile enchantments, unstealthy
A: fangs 2, regeneration 2, magic shield, antimagic bite, no device heal 3, rot
immunity
a: no special abilities


You were on level 6 of the Dungeon.
You were very hungry.

You visited 1 branch of the dungeon, and saw 6 of its levels.

You collected 172 gold pieces.

Inventory:

Hand weapons
 a - a +0 short sword (weapon)
Armour
 i - a +0 robe (worn) {2}
Jewellery
 v - a ring of protection from cold (left hand)
Magical devices
 r - a wand of digging (9) {24}
Scrolls
 e - a scroll of random uselessness
 h - a scroll of fear {unknown}
 l - 2 scrolls of magic mapping
 w - a scroll of enchant weapon {unknown}
 x - a scroll of identify {unknown}
 z - a scroll of remove curse
Potions
 f - 2 potions of heal wounds {@q2}
 j - a potion of lignification {unknown}
 k - a potion of brilliance {unknown}
 m - a potion of mutation {unknown}
 o - 2 potions of degeneration {unknown}
 p - a potion of restore abilities {unknown}
 s - a potion of flight {unknown}
Books
 b - a Young Poisoner's Handbook

   Spells                             Type                      Level
   a - Sting                          Conjuration/Poison           1
   b - Cure Poison                    Poison                       2
   c - Mephitic Cloud                 Conjuration/Poison/Air       3
   d - Olgreb's Toxic Radiance        Poison                       4
   e - Venom Bolt                     Conjuration/Poison           5
 y - the Handbook of Unholy Moulding
   (You found it on level 5 of the Dungeon)

   Spells                             Type                      Level
   a - Animate Skeleton               Necromancy                   1
   b - Beastly Appendage              Transmutation                1
   c - Control Undead                 Necromancy                   4
   d - Alistair's Intoxication        Transmutation/Poison         4
   e - Statue Form                    Transmutation/Earth          6
Comestibles
 c - 4 bread rations
 d - a slice of pizza
 g - 2 fruits
 t - a meat ration
 u - a beef jerky


   Skills:
 + Level 2.9 Fighting
 + Level 2.7 Short Blades
 + Level 2.5 Armour
 + Level 3.2 Dodging
 - Level 2.4 Stealth
 - Level 2.1 Spellcasting
 - Level 4.0 Poison Magic


You had 8 spell levels left.
You knew the following spells:

 Your Spells              Type           Power        Failure   Level  Hunger
a - Sting                 Conj/Pois      #...         12%         1    #......


Dungeon Overview and Level Annotations

Branches:
Dungeon (6/15)
 Temple: D:4-7

Altars:

Annotations:
D:4 Pikel


Innate Abilities, Weirdness & Mutations

You have extremely sharp teeth.
You heal very quickly.
When hurt, damage is shared between your health and your magic reserves.
Your bite disrupts and absorbs the magic of your enemies.
Potions and wands cannot restore your health.
You are immune to rotting.


Message History

Huge Dmg: -16%(-5hp) hp: 19%(6hp) Drink which item? (? for menu, Esc to quit)
You feel better. The worker ant barely misses you.
You hit the worker ant but do no damage.
You bite the worker ant, but do no damage.
The worker ant is heavily wounded.
The worker ant completely misses you.
You closely miss the worker ant. Your bite misses the worker ant.
The worker ant is moderately wounded.
The worker ant bites you.
* * * LOW HITPOINT WARNING * * *
You are poisoned.
The worker ant poisons you!
Huge Dmg: -9%(-3hp) hp: 13%(4hp) Drink which item? (? for menu, Esc to quit)
You feel better. The worker ant bites you.
* * * LOW HITPOINT WARNING * * *
Huge Dmg: -6%(-2hp) hp: 7%(2hp)
The worker ant bites you!
You die...

# .#.#
#####....#
#..<.....#
#.###...##
#####.#
.##
#.....# #
#Y#####
#a# #@#
#.# #.#
... ...
#...#
#####


You could see an ice beast and a worker ant.

Vanquished Creatures
  2 slaves (D:4)
  An ogre (D:5)
  A giant frog (D:3)
  2 hounds (D:5)
  2 worker ants (D:4)
  6 adders
  3 worms
  3 giant geckos
  4 orcs
  9 bats
  9 goblins
  6 hobgoblins
  4 jackals (D:3)
  7 kobolds
  A quokka (D:3)
  A ball python (D:3)
  4 giant newts
  4 rats
69 creatures vanquished.

Notes
Turn   | Place    | Note
--------------------------------------------------------------
     0 | D:1      | mauris, the Vine Stalker Venom Mage, began the quest for the Orb.
     0 | D:1      | Reached XP level 1. HP: 9/9 MP: 3/3
    17 | D:1      | Huge Dmg: 2 dmg
   141 | D:1      | Huge Dmg: 2 dmg
   193 | D:1      | Huge Dmg: 4 dmg
   257 | D:1      | Huge Dmg: 2 dmg
   257 | D:1      | Reached XP level 2. HP: 10/14 MP: 3/5
   464 | D:1      | Huge Dmg: 3 dmg
   465 | D:1      | Huge Dmg: 4 dmg
   469 | D:1      | Huge Dmg: 2 dmg
   823 | D:2      | Huge Dmg: 4 dmg
   825 | D:2      | Reached skill level 1 in Armour
   825 | D:2      | Reached XP level 3. HP: 6/17 MP: 0/7
   994 | D:2      | Huge Dmg: 4 dmg
  1164 | D:2      | Huge Dmg: 4 dmg
  1224 | D:2      | Reached skill level 1 in Short Blades
  1228 | D:2      | Reached skill level 1 in Fighting
  1232 | D:2      | Huge Dmg: 7 dmg
  1352 | D:2      | Huge Dmg: 4 dmg
  1353 | D:2      | Huge Dmg: 4 dmg
  1354 | D:2      | Huge Dmg: 3 dmg
  1357 | D:2      | Huge Dmg: 4 dmg
  1357 | D:2      | Reached XP level 4. HP: 4/22 MP: 1/8
  1699 | D:2      | Huge Dmg: 5 dmg
  2231 | D:3      | Noticed a giant frog
  2238 | D:3      | Huge Dmg: 5 dmg
  2240 | D:3      | Huge Dmg: 8 dmg
  2240 | D:3      | HP: 1/22 [giant frog (7)]
  2241 | D:3      | Huge Dmg: 6 dmg
  2243 | D:3      | ok
  2319 | D:3      | good tele
  2355 | D:3      | Killed a giant frog
  2355 | D:3      | Reached XP level 5. HP: 23/26 MP: 6/11
  2648 | D:4      | Huge Dmg: 9 dmg
  2649 | D:4      | Huge Dmg: 4 dmg
  2650 | D:4      | Huge Dmg: 2 dmg
  2652 | D:4      | Gained mutation: You heal very quickly. [vine stalker growth]
  2652 | D:4      | Reached XP level 6. HP: 5/31 MP: 0/12
  2654 | D:4      | Huge Dmg: 2 dmg
  2655 | D:4      | Noticed a slave
  2656 | D:4      | Noticed Pikel
  2691 | D:4      | Huge Dmg: 3 dmg
  2699 | D:4      | Huge Dmg: 3 dmg
  2702 | D:4      | Killed a slave
  2753 | D:4      | Noticed a slave
  2755 | D:4      | Noticed a slave
  2777 | D:4      | Huge Dmg: 7 dmg
  2785 | D:4      | Huge Dmg: 5 dmg
  2787 | D:4      | Huge Dmg: 3 dmg
  2788 | D:4      | Killed a slave
  2864 | D:4      | Huge Dmg: 10 dmg
  2865 | D:4      | Huge Dmg: 10 dmg
  2880 | D:4      | Huge Dmg: 4 dmg
  2977 | D:5      | Entered Level 5 of the Dungeon
  3054 | D:5      | Identified the Handbook of Unholy Moulding
  3070 | D:5      | Huge Dmg: 14 dmg
  3096 | D:5      | Huge Dmg: 7 dmg
  3111 | D:5      | Huge Dmg: 6 dmg
  3113 | D:5      | Huge Dmg: 4 dmg
  3115 | D:5      | Huge Dmg: 5 dmg
  3205 | D:5      | Huge Dmg: 8 dmg
  3219 | D:6      | Huge Dmg: 6 dmg
  3232 | D:6      | Huge Dmg: 6 dmg
  3233 | D:6      | Huge Dmg: 5 dmg
  3236 | D:6      | Huge Dmg: 3 dmg
  3237 | D:6      | Huge Dmg: 2 dmg
  3237 | D:6      | Slain by a worker ant

Action                   |  1- 3 |  4- 6 || total
-------------------------+-------+-------++-------
Melee: Unarmed           |    20 |       ||    20
       Short sword       |    49 |   142 ||   191
 Cast: Sting             |    44 |    87 ||   131
  Use: Scroll            |       |     7 ||     7
       Potion            |       |     4 ||     4
 Stab: Sleeping          |     1 |       ||     1
  Eat: Chunk             |     2 |     7 ||     9

Vault maps used:
D:1:      co_arrival_random_square_maze
D:2:      minmay_door_path
D:3:      first_bread
D:4:      minmay_temple_entry_large_hall, uniq_pikel
D:5:      hangedman_decor_lopped, serial_bayou_lagoon_b
D:6:      kennysheep_kobold_camp, kennysheep_little_box
